[Event "New York Summer IM-C 2022"]
[Site "New York"]
[Date "2022.07.11"]
[Round "8.5"]
[White "Adewumi, Tanitoluwa"]
[Black "Nakada, Akira"]
[Result "1-0"]
[ECO "B13"]
[WhiteElo "2309"]
[BlackElo "2297"]
[Annotator "ChessBase"]
[PlyCount "87"]
[EventDate "2022.07.08"]
[EventType "tourn"]
[EventCountry "USA"]
[SourceTitle "playchess.com"]
[Source "ChessBase"]
[SourceQuality "1"]
[TimeControl "5400+30"]

1. e4 c6 2. d4 d5 3. exd5 cxd5 4. Bd3 Nf6 5. c3 Bg4 6. Qb3 Qc7 7. Ne2 Bxe2 8. Bxe2 e6 9. O-O Bd6 10. g3 Nc6 11. Nd2 O-O 12. Nf3 Ne4 13. Ng5 Nxg5 14. Bxg5 h6 15. Be3 Na5 16. Qc2 Nc4 17. Bc1 Rac8 18. Bd3 b5 19. Qe2 b4 20. b3 Nb6 21. c4 Nd7 22. cxd5 exd5 23. Bxh6 Nf6 24. Rac1 Qb6 25. Be3 Rfe8 26. Qf3 Bf8 27. Qf5 Rxc1 28. Rxc1 g6 29. Qf4 Bg7 30. Rc5 Bf8 31. Rc2 Bg7 32. Kg2 Qa5 33. h3 Ne4 34. Bxe4 dxe4 35. Rc7 Qd5 36. Rxa7 Rc8 37. Re7 f5 38. h4 Bf6 39. Ra7 Ra8 40. Rxa8+ Qxa8 41. h5 Qxa2 42. Qh6 Qe2 43. Qxg6+ Bg7 44. h6 1-0

[Event "New York Summer IM-C 2022"]
[Site "New York"]
[Date "2022.07.11"]
[Round "9.1"]
[White "Nakada, Akira"]
[Black "Huston, Gus"]
[Result "1-0"]
[ECO "D41"]
[WhiteElo "2297"]
[BlackElo "2282"]
[Annotator "ChessBase"]
[PlyCount "103"]
[EventDate "2022.07.08"]
[EventType "tourn"]
[EventCountry "USA"]
[SourceTitle "playchess.com"]
[Source "ChessBase"]
[SourceQuality "1"]
[TimeControl "5400+30"]

1. c4 Nf6 2. Nc3 c5 3. Nf3 Nc6 4. e3 d5 5. cxd5 Nxd5 6. Bb5 Nxc3 7. bxc3 e6 8. O-O Bd7 9. d4 Be7 10. Qe2 O-O 11. Bd2 Qc7 12. e4 Rfd8 13. Bd3 Be8 14. d5 exd5 15. exd5 Rxd5 16. Bxh7+ Kh8 17. Be4 Rdd8 18. Ng5 Bxg5 19. Qh5+ Bh6 20. Bxh6 f5 21. Qxf5 Bg6 22. Qxg6 gxh6 23. Qxh6+ Kg8 24. c4 Nd4 25. Bd5+ Rxd5 26. cxd5 Rd8 27. Rfe1 Qg7 28. Qxg7+ Kxg7 29. Re7+ Kf6 30. Rxb7 Rxd5 31. Rxa7 Kf5 32. Re1 c4 33. Rf7+ Kg5 34. Rc7 c3 35. h4+ Kxh4 36. Rxc3 Nf5 37. a4 Ra5 38. Ra3 Kg4 39. Re4+ Kg5 40. Rb4 Rc5 41. a5 Nh6 42. a6 Ng4 43. Rxg4+ Kh5 44. Rg5+ Kh4 45. Rxc5 Kg4 46. Rf3 Kh4 47. Kh2 Kg4 48. a7 Kh4 49. a8=N Kg4 50. Rf8 Kh4 51. g3+ Kg4 52. f3# 1-0

[Event "New York Summer IM-C 2022"]
[Site "New York"]
[Date "2022.07.12"]
[Round "9.3"]
[White "Asavasaetakul, Chawit"]
[Black "Hardaway, Brewington"]
[Result "1/2-1/2"]
[ECO "D02"]
[WhiteElo "1948"]
[BlackElo "2175"]
[Annotator "ChessBase"]
[PlyCount "53"]
[EventDate "2022.07.08"]
[EventType "tourn"]
[EventCountry "USA"]
[SourceTitle "playchess.com"]
[Source "ChessBase"]
[SourceQuality "1"]
[TimeControl "5400+30"]

1. d4 Nf6 2. Nf3 e6 3. Bf4 b6 4. c3 Bb7 5. Nbd2 Be7 6. e3 O-O 7. h3 c5 8. Bd3 d5 9. O-O Nc6 10. Ne5 Bd6 11. Nxc6 Bxc6 12. Bxd6 Qxd6 13. Nf3 Nd7 14. Qe2 f5 15. Bb5 Bxb5 16. Qxb5 Rf6 17. c4 a6 18. Qb3 cxd4 19. exd4 dxc4 20. Qxc4 b5 21. Qe2 Nb6 22. Rac1 Nd5 23. Qe5 Rd8 24. Rc8 Rff8 25. Rxd8 Rxd8 26. Re1 Nc7 27. Rc1 1/2-1/2

[Event "New York Summer IM-C 2022"]
[Site "New York"]
[Date "2022.07.12"]
[Round "9.4"]
[White "Rozman, Levy"]
[Black "Le, Nguyen Khoi Nguyen"]
[Result "1-0"]
[ECO "A28"]
[WhiteElo "2333"]
[BlackElo "2001"]
[Annotator "ChessBase"]
[PlyCount "67"]
[EventDate "2022.07.08"]
[EventType "tourn"]
[EventCountry "USA"]
[SourceTitle "playchess.com"]
[Source "ChessBase"]
[SourceQuality "1"]
[TimeControl "5400+30"]

1. c4 e5 2. Nf3 Nc6 3. d4 exd4 4. Nxd4 Bb4+ 5. Nc3 Nf6 6. g3 Ne4 7. Qd3 Nxc3 8. bxc3 Bc5 9. Be3 Bb6 10. c5 Ba5 11. Nb3 O-O 12. Bg2 Qf6 13. Rc1 b6 14. O-O Rb8 15. Bf4 Ne5 16. Qd4 Re8 17. Nxa5 bxa5 18. Rb1 Rxb1 19. Rxb1 d6 20. Rb8 g5 21. cxd6 gxf4 22. gxf4 Nd7 23. dxc7 Qxd4 24. cxd4 Kf8 25. e4 Ke7 26. e5 Nb6 27. d5 Kd7 28. d6 f6 29. Bh3+ Kc6 30. Rxc8 Rxc8 31. Bxc8 Nxc8 32. Kg2 Kd7 33. Kg3 Nb6 34. Kg4 1-0

[Event "New York Summer IM-C 2022"]
[Site "New York"]
[Date "2022.07.11"]
[Round "9.5"]
[White "Poliannikov, Danila"]
[Black "Bortnyk, Mykola"]
[Result "1/2-1/2"]
[ECO "B04"]
[WhiteElo "2309"]
[BlackElo "2463"]
[Annotator "ChessBase"]
[PlyCount "47"]
[EventDate "2022.07.08"]
[EventType "tourn"]
[EventCountry "USA"]
[SourceTitle "playchess.com"]
[Source "ChessBase"]
[SourceQuality "1"]
[TimeControl "5400+30"]

1. e4 Nf6 2. e5 Nd5 3. d4 d6 4. Nf3 dxe5 5. Nxe5 c6 6. Be2 Bf5 7. O-O Nd7 8. Nf3 e6 9. c4 N5f6 10. Nc3 Bd6 11. Be3 Qc7 12. h3 O-O 13. Qd2 Rad8 14. c5 Be7 15. Bf4 Qc8 16. b4 Ne4 17. Nxe4 Bxe4 18. Rfd1 Bxf3 19. Bxf3 e5 20. Qe3 Bxc5 21. dxc5 exf4 22. Qxf4 Nf6 23. Bg4 Nxg4 24. Qxg4 1/2-1/2